Map: Efflorescence LE

Players

Massa

  • Race: Terran Terran
  • League: Platinum
  • Spawn Location: 3:00

qqq

  • Race: Zerg Zerg
  • League: Platinum
  • Spawn Location: 12:00

Zanil - Winner!

  • Race: Protoss Protoss
  • Spawn Location: 6:00

Sanjuuroku - Winner!

  • Race: Zerg Zerg
  • League: Platinum
  • Spawn Location: 9:00

VOD

Have the link to the VOD?

Description

Time

  • Played on: Jan. 7, 2021, 2:19 p.m.
  • Length: 23:14
Show
View Real Time Build Order
Export as new Build Order

Massa Terran 

Build Orders:  

Get SALT Encoding   

  12  0:00  SCV  
  13  0:12  SCV  
  14  0:19  Supply Depot  
  14  0:24  SCV  
  15  0:41  SCV  
  15  0:42  Barracks  
  16  0:46  Refinery  
  16  0:53  SCV  
  17  0:58  Supply Depot  
  17  1:05  SCV  
  18  1:13  Barracks  
  18  1:17  SCV  
  19  1:29  Barracks  
  19  1:35  Barracks Tech Lab  
  19  1:38  SCV  
  20  1:51  Orbital Command  
  20  1:54  Marine  
  20  2:01  Marine  
  22  2:12  Marine  
  23  2:16  Marine  
  23  2:18  Marine  
  25  2:23  Supply Depot  
  25  2:29  Stimpack  
  25  2:30  Marine  
  25  2:34  Marine  
  27  2:41  Marine  
  28  2:48  Marauder  
  30  2:52  Marine  
  31  2:59  Marine  
  31  3:05  Supply Depot  
  32  3:09  Marauder, Marine  
  35  3:16  Marine  
  36  3:27  Marine  
  36  3:31  Marauder  
  39  3:34  Marine  
  40  3:42  Supply Depot  
  40  3:45  Marine  
  41  3:52  Marauder, Marine  
  44  4:03  Marine  
  45  4:10  Marine  
  45  4:14  Marauder  
  48  4:21  Marine  
  49  4:28  Marine  
  48  4:35  Marauder  
  50  4:38  Marine  
  50  4:50  Marine  
  44  4:56  Marauder, Marine  
  37  5:08  Marine  
  36  5:14  Marine  
  36  5:16  Command Center  
  36  5:18  Marauder  
  36  5:20  Combat Shield  
  36  5:26  Marine  
  36  5:27  Refinery  
  37  5:30  Factory  
  37  5:32  Marine  
  38  5:39  Marauder  
  37  5:59  Marine x2  
  37  6:01  Marauder  
  37  6:02  SCV  
  42  6:12  Engineering Bay  
  42  6:15  SCV  
  42  6:17  Marine x2  
  45  6:22  Marauder  
  45  6:25  Hellion  
  49  6:27  SCV  
  50  6:39  Concussive Shells  
  50  6:46  Hellion  
  49  6:49  Marauder, Marine x2  
  45  7:07  Marine x2  
  38  7:11  Marauder  
  38  7:15  Widow Mine  
  40  7:23  Orbital Command  
  40  7:25  Marine x2  
  40  7:26  Factory  
  40  7:29  Factory  
  42  7:32  Marine  
  42  7:35  SCV  
  42  7:36  Widow Mine  
  46  7:41  Supply Depot  
  46  7:43  Marine x2  
  48  7:47  SCV  
  48  7:50  Marauder  
  51  7:56  SCV  
  52  7:59  SCV  
  52  8:00  Marine  
  52  8:01  Marine  
  55  8:08  SCV  
  55  8:11  Marauder  
  57  8:20  Marine x2  
  54  8:33  Marauder  
  51  8:37  Marine  
  51  8:38  Marine  
  51  8:39  Widow Mine  
  50  8:54  Marauder  
  50  8:55  Marine x2  
  52  8:57  Starport  
  52  8:59  SCV x2, Armory  
  52  9:00  Widow Mine, Terran Infantry Weapons Level 1  
  58  9:06  Refinery  
  58  9:08  Factory Tech Lab x2  
  58  9:11  SCV x2  
  58  9:14  Barracks Reactor, Marine  
  58  9:15  Marauder  
  63  9:21  Widow Mine  
  63  9:23  SCV x2  
  67  9:28  Supply Depot  
  67  9:30  Missile Turret  
  67  9:32  Marine  
  67  9:35  SCV x2  
  67  9:36  Missile Turret, Medivac  
  67  9:37  Marauder  
  74  9:41  Siege Tank  
  74  9:43  Factory Reactor  
  77  9:49  Widow Mine  
  77  9:50  Marine  
  80  9:53  SCV, Supply Depot  
  81  10:02  Marauder, Marine  
  81  10:03  Marine  
  85  10:08  Marine  
  83  10:24  Marauder  
  75  10:34  Marine x2  
  75  10:35  Marine  
  70  10:45  Marauder  
  72  10:52  Medivac  
  72  10:53  Marine x3  
  72  10:56  Siege Tank x2  
  72  10:57  Widow Mine x2  
  87  11:07  Marauder  
  87  11:11  Marine x2  
  87  11:18  Widow Mine, Marine  
  84  11:22  Medivac  
  80  11:28  Marauder  
  80  11:29  Marine x2  
  82  11:34  SCV x2  
  82  11:37  Refinery  
  85  11:40  Barracks  
  85  11:41  Barracks Reactor  
  85  11:46  SCV x2  
  86  11:47  Marine  
  86  11:49  Marauder  
  89  11:58  SCV  
  90  12:11  Marauder  
  90  12:12  Terran Vehicle Weapons Level 1  
  90  12:13  Terran Infantry Weapons Level 2, Medivac  
  94  12:19  Engineering Bay  
  94  12:30  Supply Depot  
  94  12:37  Command Center  
  94  12:38  Marauder  
  94  12:41  SCV x2  
  93  12:44  Medivac  
  92  12:53  SCV x2  
  94  13:13  Command Center  
  94  13:14  Sensor Tower, Medivac  
  86  13:53  Marauder  
  86  13:54  Barracks Tech Lab  
  86  13:55  Marine x4  
  83  14:06  Drilling Claws  
  83  14:09  SCV x2  
  85  14:13  Marine x4  
  85  14:14  Marauder  
  85  14:16  Viking  
  93  14:19  Marauder  
  93  14:21  SCV x2  
  93  14:23  Terran Infantry Armor Level 1  
  97  14:30  Marine x2, Planetary Fortress  
  97  14:31  Marine x2  
  100  14:33  SCV  
  100  14:34  SCV  
  100  14:35  Marauder  
  105  14:40  Marauder  
  107  14:46  Viking  
  109  14:57  Marauder  
  111  15:05  Missile Turret  
  109  15:27  Missile Turret  
  109  15:32  SCV  
  109  15:33  SCV x2  
  112  15:39  Refinery  
  112  15:40  Terran Infantry Weapons Level 3  
  112  15:41  Starport Reactor  
  112  15:42  Terran Vehicle Weapons Level 2  
  112  15:45  SCV x3  
  112  15:48  Missile Turret  
  112  15:49  Widow Mine  
  117  15:58  Supply Depot  
  117  16:00  Supply Depot x2  
  117  16:02  Missile Turret  
  117  16:09  Refinery  
  117  16:12  Missile Turret  
  117  16:17  Sensor Tower  
  117  16:20  SCV x2, Thor  
  117  16:21  Thor  
  117  16:22  Widow Mine  
  128  16:35  Missile Turret  
  124  16:43  Widow Mine  
  95  17:02  Thor  
  95  17:04  Thor, Viking x2  
  95  17:08  Marauder x2, Marine x2  
  116  17:21  Widow Mine x2  
  120  17:29  Marauder x2  
  124  17:33  Viking  
  124  17:34  Viking  
  118  17:50  Marauder x2  
  118  17:51  Thor x2  
  116  17:52  Widow Mine  
  116  17:53  Widow Mine  
  116  17:55  Marine  
  129  18:12  Marauder  
  131  18:14  Widow Mine  
  133  18:26  Viking x2  
  131  18:37  Marauder, Marine  
  131  18:38  Marauder  
  130  18:56  Viking x2  
  130  18:58  Marauder  
  87  19:16  Marauder, Marine x4  
  86  19:20  Marauder  
  71  19:26  Viking  
  65  19:33  Marine  
  65  19:34  Marine x3  
  65  19:37  Marauder  
  67  19:41  Marine  
  68  19:51  Marine x3  
  71  19:58  Marauder  
  71  19:59  Marauder  
  75  20:20  Command Center  
  75  20:41  Siege Tank  
  75  20:42  Siege Tank  
  81  20:48  Orbital Command  
  73  21:25  Orbital Command  
  72  21:30  Marauder  
  75  21:37  Planetary Fortress  
  69  21:51  Marauder  
  63  21:58  SCV  
  39  22:10  SCV  
  39  22:14  SCV  
  32  22:21  Barracks  
  32  22:22  Factory  
  33  22:25  Starport  
  22  22:45  Barracks  
  22  23:00  Barracks x2  
  22  23:01  Supply Depot  
  22  23:03  Supply Depot  
Show
View Real Time Build Order
Export as new Build Order

qqq Zerg 

Build Orders: Hatch First 

Get SALT Encoding   

  12  0:00  Drone  
  13  0:13  Drone  
  14  0:21  Overlord  
  14  0:46  Hatchery  
  13  0:57  Drone  
  13  0:58  Drone  
  13  0:59  Drone  
  16  1:16  Spawning Pool  
  15  1:19  Drone  
  16  1:43  Drone x2  
  16  1:44  Drone  
  16  1:46  Extractor  
  18  1:55  Drone  
  19  2:07  Drone, Queen  
  19  2:08  Queen  
  22  2:09  Drone  
  22  2:10  Drone  
  26  2:17  Zergling x2  
  26  2:21  Zergling x2  
  28  2:28  Overlord  
  28  2:35  Roach Warren  
  27  2:38  Drone  
  28  2:44  Overlord  
  27  2:53  Zergling x2  
  28  2:59  Metabolic Boost  
  28  3:01  Drone, Zergling x2  
  28  3:03  Zergling x2  
  30  3:11  Zergling x2  
  30  3:12  Zergling x2  
  31  3:35  Roach x2  
  31  3:36  Roach x3  
  41  3:42  Zergling x2  
  42  3:52  Zergling x2  
  43  4:03  Overlord  
  43  4:04  Overlord  
  43  4:12  Baneling Nest  
  43  4:13  Hatchery  
  41  4:17  Roach  
  41  4:19  Zergling x2  
  41  4:31  Roach x2  
  41  4:34  Drone x2  
  44  4:44  Roach x2  
  43  5:01  Roach x2  
  43  5:07  Roach  
  43  5:09  Drone  
  43  5:10  Overlord  
  43  5:11  Zergling x4  
  46  5:16  Zergling x2  
  47  5:31  Roach  
  49  5:38  Roach  
  49  5:45  Zergling x6  
  49  5:46  Zergling x4  
  49  5:47  Roach  
  52  5:55  Roach x2  
  56  5:58  Drone x2  
  56  5:59  Drone x2  
  60  6:08  Extractor  
  60  6:09  Queen  
  61  6:13  Zergling x2  
  60  6:23  Overlord x2  
  47  6:50  Spine Crawler  
  47  6:51  Spine Crawler, Roach x3  
  47  6:52  Zergling x4  
  47  6:53  Zergling x4  
  47  6:58  Baneling x2  
  47  6:59  Roach  
  47  7:00  Zergling x2  
  46  7:14  Roach  
  46  7:15  Roach x2  
  48  7:16  Drone  
  49  7:28  Baneling  
  49  7:32  Extractor  
  49  7:36  Drone x5  
  49  7:37  Drone x2  
  55  7:38  Zergling x2  
  55  7:43  Roach  
  58  7:56  Lair  
  58  8:02  Roach  
  58  8:03  Roach  
  60  8:11  Roach x3  
  60  8:12  Drone  
  65  8:25  Baneling x3  
  65  8:26  Baneling  
  65  8:33  Roach x3  
  64  8:35  Zergling x6  
  64  8:36  Drone  
  57  8:53  Extractor  
  56  8:55  Glial Reconstitution  
  56  8:57  Roach x4  
  56  8:59  Drone  
  56  9:00  Drone  
  56  9:02  Drone  
  67  9:04  Drone  
  68  9:13  Baneling x2  
  68  9:14  Baneling x3  
  68  9:33  Overlord x2  
  68  9:40  Hatchery, Overlord  
  68  9:41  Overlord  
  68  9:44  Drone  
  68  9:51  Evolution Chamber  
  67  9:53  Drone  
  67  9:54  Evolution Chamber  
  67  9:56  Drone  
  68  10:00  Roach  
  68  10:03  Drone  
  57  10:23  Roach x6  
  57  10:26  Drone  
  57  10:27  Drone  
  57  10:37  Roach  
  57  10:38  Roach  
  57  10:39  Drone, Roach  
  57  10:41  Drone  
  65  10:48  Spore Crawler  
  64  10:53  Zerg Melee Weapons Level 1  
  64  11:00  Roach x2  
  64  11:01  Drone  
  64  11:02  Spore Crawler  
  68  11:16  Roach x4  
  68  11:17  Roach  
  68  11:29  Roach x4  
  66  11:33  Zerg Missile Weapons Level 1  
  66  11:35  Drone  
  66  11:36  Drone  
  66  11:38  Drone  
  69  11:44  Queen  
  71  11:56  Roach x4  
  71  11:57  Drone  
  71  11:59  Drone  
  81  12:19  Infestation Pit  
  81  12:20  Ravager x6  
  86  12:27  Zergling x4  
  88  12:32  Drone x3  
  88  12:34  Hatchery, Roach  
  92  12:47  Zerg Ground Armor Level 1  
  92  12:58  Drone x2  
  92  13:01  Roach x5  
  104  13:11  Drone  
  105  13:17  Drone  
  105  13:19  Overlord x4  
  106  13:20  Overlord x2  
  104  13:44  Drone x2  
  103  13:57  Roach x2  
  103  13:58  Roach x8  
  103  13:59  Drone x4  
  127  14:10  Drone x2  
  127  14:15  Hive  
  127  14:16  Zerg Melee Weapons Level 2  
  129  14:22  Spire  
  129  14:24  Drone x2  
  130  14:25  Hydralisk Den  
  130  14:31  Spine Crawler x2  
  128  14:33  Extractor  
  128  14:34  Extractor  
  128  14:38  Hatchery  
  100  15:22  Hydralisk x3  
  100  15:23  Hydralisk x7  
  100  15:24  Hydralisk x5  
  127  15:29  Muscular Augments  
  127  15:33  Spore Crawler  
  127  15:35  Spore Crawler  
  125  15:38  Spore Crawler  
  124  15:46  Mutalisk x2  
  124  15:47  Mutalisk  
  124  15:49  Drone, Ultralisk Cavern  
  130  15:50  Spore Crawler  
  130  15:55  Viper  
  130  15:56  Viper  
  135  16:12  Drone x5  
  135  16:13  Drone  
  135  16:14  Hydralisk  
  135  16:15  Hydralisk  
  135  16:17  Zergling x2  
  146  16:24  Zerg Ground Armor Level 2  
  144  16:41  Grooved Spines  
  130  17:05  Viper x3  
  130  17:08  Zergling x16  
  143  17:28  Ultralisk x2  
  151  17:31  Drone x3  
  151  17:32  Drone x3  
  151  17:35  Anabolic Synthesis  
  157  17:40  Zergling x6  
  157  17:41  Zergling x8  
  164  18:04  Overlord x5  
  164  18:15  Baneling x6  
  164  18:16  Baneling x7  
  164  18:18  Centrifical Hooks  
  164  18:25  Ultralisk  
  159  18:38  Zergling x4  
  159  18:39  Zergling x10  
  141  18:55  Zergling x2, Ultralisk x2  
  109  18:56  Zergling x4  
  93  19:03  Drone x6  
  93  19:06  Extractor x2  
  93  19:09  Extractor x2  
  95  19:16  Corruptor  
  95  19:17  Corruptor  
  95  19:19  Hydralisk Den  
  98  19:24  Hatchery  
  98  19:40  Greater Spire  
  98  19:44  Zergling x8  
  82  19:55  Zergling x6  
  82  19:57  Drone x2, Zergling x6  
  82  19:58  Zergling x2  
  71  20:11  Hydralisk x4  
  71  20:13  Hydralisk x2  
  83  20:14  Lurker Den  
  79  20:23  Hydralisk, Ultralisk  
  79  20:25  Drone x2  
  78  20:35  Spine Crawler  
  77  20:37  Spine Crawler  
  77  20:38  Spine Crawler  
  77  20:40  Spine Crawler  
  66  20:49  Hydralisk x4  
  68  20:58  Lurker Den  
  68  21:01  Drone  
  34  21:44  Brood Lord  
  36  21:54  Brood Lord  
  36  21:57  Hydralisk  
  33  22:16  Lurker  
  32  22:29  Lurker  
  33  22:33  Drone x3  
Show
View Real Time Build Order
Export as new Build Order

Zanil Protoss - Winner!

Build Orders:  

Get SALT Encoding   

  12  0:00  Probe  
  13  0:13  Probe  
  14  0:22  Pylon  
  14  0:25  Probe  
  15  0:40  Probe  
  16  0:43  Gateway  
  16  0:52  Probe (Chrono Boost)  
  17  0:57  Assimilator  
  17  1:02  Probe (Chrono Boost)  
  18  1:08  Probe (Chrono Boost)  
  19  1:12  Pylon  
  20  1:19  Probe (Chrono Boost)  
  20  1:21  Assimilator  
  20  1:26  Probe (Chrono Boost)  
  20  1:31  Cybernetics Core  
  21  1:34  Probe  
  22  1:54  Pylon  
  22  1:58  Gateway  
  22  2:11  Warp Gate  
  22  2:13  Adept  
  24  2:20  Gateway  
  24  2:23  Pylon  
  24  2:43  Stalker  
  26  2:45  Adept  
  26  3:37  Sentry, Stalker x2  
  32  3:43  Shield Battery  
  32  3:45  Pylon  
  32  3:48  Pylon  
  32  3:52  Gateway  
  32  4:13  Adept  
  32  4:16  Adept  
  36  4:19  Stalker  
  38  4:38  Adept x2  
  40  4:59  Stalker x4  
  44  5:19  Nexus  
  44  5:22  Pylon  
  44  5:23  Sentry x3  
  44  5:27  Sentry  
  52  5:35  Probe  
  53  5:47  Probe  
  44  6:06  Stalker  
  44  6:07  Stalker x3  
  46  6:48  Stalker  
  46  6:49  Stalker x3  
  50  7:32  Probe (Chrono Boost)  
  50  7:33  Probe (Chrono Boost)  
  52  7:39  Sentry x4  
  52  7:43  Probe x2 (Chrono Boost)  
  62  7:48  Probe x2 (Chrono Boost)  
  65  8:20  Probe x2 (Chrono Boost)  
  66  8:30  Probe x2 (Chrono Boost)  
  50  8:49  Stalker, Adept x2  
  50  8:50  Stalker  
  50  8:53  Probe (Chrono Boost)  
  50  8:54  Probe (Chrono Boost)  
  60  8:56  Assimilator  
  60  8:57  Assimilator  
  60  9:05  Probe x2 (Chrono Boost)  
  62  9:17  Forge  
  62  9:19  Forge  
  62  9:25  Nexus  
  62  9:26  Pylon  
  62  9:30  Adept  
  62  9:31  Adept x2  
  68  9:32  Zealot  
  68  9:36  Probe x2  
  72  9:48  Probe x2  
  72  9:49  Shield Battery  
  72  9:51  Shield Battery  
  74  9:53  Pylon  
  74  10:00  Probe  
  74  10:01  Probe  
  76  10:12  Adept x4  
  68  10:40  Protoss Ground Weapons Level 1 (Chrono Boost)  
  68  10:41  Protoss Ground Armor Level 1 (Chrono Boost)  
  68  10:44  Robotics Facility  
  68  10:53  Adept x3  
  68  10:54  Stalker  
  76  10:58  Probe x3  
  76  11:00  Assimilator  
  79  11:04  Assimilator  
  79  11:10  Probe  
  64  11:32  Probe x3  
  67  11:38  Stalker x2, Adept  
  67  11:39  Adept  
  75  11:42  Observer  
  75  11:44  Probe x2  
  75  11:47  Probe  
  79  11:52  Robotics Bay  
  79  11:53  Pylon  
  79  11:56  Probe, Robotics Facility  
  79  11:57  Probe  
  79  11:59  Probe, Pylon  
  79  12:01  Pylon  
  82  12:03  Twilight Council, Immortal  
  86  12:08  Probe  
  86  12:09  Probe  
  86  12:11  Probe  
  89  12:16  Sentry x4  
  97  12:52  Adept x3  
  97  12:53  Stalker  
  97  12:54  Colossus  
  111  13:00  Colossus  
  111  13:03  Charge, Protoss Ground Armor Level 2, Protoss Ground Weapons Level 2  
  111  13:05  Extended Thermal Lance  
  117  13:23  Adept x4  
  122  13:47  Colossus (Chrono Boost)  
  124  13:55  Colossus (Chrono Boost)  
  126  13:59  Adept x3  
  126  14:00  Adept  
  134  14:22  Gateway x2  
  134  14:24  Zealot x3  
  136  14:30  Pylon  
  140  14:32  Pylon  
  140  14:34  Pylon  
  140  14:37  Pylon  
  140  14:38  Pylon  
  140  14:39  Pylon  
  140  14:40  Observer (Chrono Boost)  
  141  14:47  Observer (Chrono Boost), Pylon  
  141  14:52  Colossus  
  142  14:58  Zealot x4  
  156  15:02  Blink  
  156  15:05  Colossus  
  162  15:10  Gravitic Boosters  
  162  15:25  Adept  
  162  15:26  Adept x5  
  174  15:42  Templar Archives  
  174  15:44  Pylon  
  174  15:46  Colossus  
  180  15:51  Nexus  
  180  15:52  Pylon  
  180  15:58  Colossus  
  186  16:10  Zealot  
  186  16:11  Zealot x3  
  194  16:13  Zealot x2  
  196  16:39  Colossus  
  195  16:52  Colossus  
  176  17:03  Zealot x6  
  168  17:32  Zealot x3  
  168  17:33  Zealot x3  
  168  17:35  Psionic Storm  
  172  17:47  Immortal x2  
  180  18:00  Stalker x5  
  180  18:01  Stalker  
  180  18:05  Protoss Ground Armor Level 3, Protoss Ground Weapons Level 3  
  192  18:26  Observer, Immortal  
  197  18:41  Stalker  
  199  18:48  Observer  
  166  19:05  Observer  
  166  19:09  Observer, Stalker x6  
  178  19:14  Assimilator  
  150  19:19  Assimilator  
  143  19:28  Observer  
  143  19:30  Immortal  
  148  19:38  Stalker x3  
  148  19:39  Stalker x3  
  160  19:49  Immortal  
  159  20:11  Zealot x2  
  159  20:12  Stalker x2  
  159  20:13  Stalker x2  
  165  20:25  Observer  
  158  20:29  Observer  
  153  20:40  Photon Cannon  
  153  20:43  Photon Cannon  
  152  20:58  Stalker x3  
  152  21:01  Stalker  
  152  21:02  Stalker x2  
  152  21:24  Photon Cannon  
  152  21:27  Photon Cannon  
  152  21:33  Probe x4  
  156  21:40  Colossus x2  
  156  21:45  Probe  
  161  21:58  Zealot x2  
  161  21:59  Zealot, Adept x2  
  161  22:00  Adept  
  133  22:30  Probe x4  
  137  22:41  Stalker x3  
  143  22:48  Stalker  
Show
View Real Time Build Order
Export as new Build Order

Sanjuuroku Zerg - Winner!

Build Orders: Hatch First, Lurkers 

Get SALT Encoding   

  12  0:00  Drone  
  13  0:10  Drone  
  14  0:17  Overlord  
  14  0:25  Extractor, Drone  
  15  0:36  Drone x2  
  17  0:55  Hatchery  
  16  1:09  Spawning Pool  
  15  1:17  Drone x2  
  17  1:20  Drone  
  18  1:29  Drone  
  19  1:38  Extractor  
  19  1:39  Drone  
  19  1:50  Overlord  
  19  1:57  Queen  
  21  2:07  Queen  
  23  2:08  Zergling x2  
  23  2:11  Zergling x2  
  23  2:13  Drone  
  26  2:24  Drone x2  
  28  2:42  Drone  
  28  2:43  Drone  
  30  2:47  Overlord  
  30  2:49  Roach Warren, Queen  
  31  2:52  Drone  
  31  3:07  Zergling x2  
  31  3:09  Overlord x2  
  32  3:15  Queen  
  32  3:19  Drone  
  35  3:20  Drone  
  36  3:29  Roach x2  
  40  3:39  Drone x2  
  40  3:40  Drone  
  43  3:41  Roach  
  43  3:45  Zergling x2  
  43  3:47  Roach  
  48  4:00  Roach x2  
  48  4:01  Overlord  
  51  4:10  Overlord  
  51  4:12  Overlord x2  
  51  4:23  Roach  
  52  4:31  Roach x3  
  53  4:33  Zergling x6  
  50  4:42  Roach  
  48  4:48  Zergling x4  
  48  4:49  Queen, Zergling x2  
  48  4:50  Queen  
  49  5:03  Metabolic Boost, Zergling x4  
  49  5:05  Zergling x6  
  53  5:20  Zergling x6  
  56  5:22  Zergling x4  
  56  5:26  Lair  
  58  5:44  Zergling x6  
  58  5:45  Overlord  
  58  5:46  Overlord  
  61  6:04  Drone  
  61  6:05  Drone x3  
  61  6:08  Zergling x4  
  61  6:09  Zergling x4  
  69  6:16  Hatchery  
  68  6:30  Hydralisk Den  
  68  6:31  Drone x2  
  68  6:32  Extractor x2  
  67  6:35  Drone x3  
  67  6:36  Extractor  
  69  6:43  Overlord  
  61  6:50  Zergling x8  
  61  6:52  Queen  
  54  7:01  Hydralisk  
  54  7:02  Hydralisk x2  
  58  7:10  Overlord x2  
  56  7:19  Hydralisk  
  56  7:20  Hydralisk  
  59  7:30  Grooved Spines  
  59  7:31  Zergling x6  
  59  7:34  Zergling x2  
  63  7:43  Hydralisk  
  65  7:44  Zergling x2  
  65  7:45  Zergling x2  
  65  7:46  Zergling x2  
  65  7:50  Zergling x2  
  69  7:54  Zergling x6  
  69  7:55  Zergling x4  
  74  7:58  Hydralisk  
  74  8:04  Hydralisk  
  73  8:14  Zergling x2  
  73  8:16  Zergling x2  
  73  8:17  Zergling x6  
  73  8:28  Hydralisk x3  
  73  8:31  Zergling x2  
  73  8:32  Zergling x6  
  62  8:46  Muscular Augments  
  59  8:53  Zergling x6  
  59  8:54  Zergling x8  
  66  8:56  Zergling x4  
  66  8:57  Zergling x4  
  70  9:17  Zergling x4  
  70  9:18  Zergling x4  
  70  9:19  Lurker Den  
  73  9:30  Zergling x6  
  76  9:31  Hydralisk x2  
  80  9:40  Drone x3  
  80  9:41  Drone  
  84  9:55  Zergling x4  
  84  9:56  Zergling x2  
  84  9:57  Zergling x4  
  84  10:19  Hydralisk x4  
  70  10:24  Hydralisk x2  
  62  10:34  Zergling x4  
  63  10:36  Zergling x4  
  63  10:39  Lurker  
  66  10:46  Zergling x8  
  67  11:04  Zergling x4  
  67  11:05  Zergling x6  
  71  11:11  Spire  
  60  11:28  Drone  
  60  11:29  Drone x3  
  60  11:30  Drone x4  
  67  11:50  Hatchery  
  64  11:55  Lurker x4  
  66  12:10  Overseer x2  
  66  12:23  Overlord x4  
  66  12:24  Overlord  
  56  12:55  Hydralisk  
  56  12:56  Hydralisk x5  
  68  13:15  Mutalisk  
  68  13:16  Mutalisk x2  
  68  13:17  Mutalisk x2  
  78  13:24  Overseer  
  78  13:26  Drone  
  76  13:48  Zergling x4  
  76  13:49  Zergling x2  
  76  13:52  Evolution Chamber  
  76  13:55  Evolution Chamber  
  75  14:20  Hatchery, Mutalisk  
  75  14:21  Mutalisk x3  
  82  14:32  Hatchery  
  82  14:37  Mutalisk  
  83  14:39  Mutalisk x2  
  81  14:54  Hydralisk x4  
  75  15:12  Hydralisk x3  
  66  15:22  Zerg Flyer Weapons Level 1  
  66  15:30  Drone x6  
  72  15:36  Drone  
  73  15:52  Mutalisk x2  
  77  15:58  Mutalisk  
  79  16:22  Hatchery  
  78  16:31  Drone x4  
  82  16:44  Zergling x2  
  82  16:45  Zergling x10  
  49  17:05  Hydralisk x4  
  44  17:20  Hydralisk x2  
  47  17:23  Hydralisk  
  47  17:31  Drone x3  
  47  17:33  Drone  
  51  17:41  Drone  
  51  17:42  Drone  
  53  17:49  Lurker x3  
  53  17:50  Lurker  
  57  17:54  Lurker  
  57  17:55  Lurker  
  57  17:57  Lurker  
  48  18:25  Corruptor x2  
  52  18:30  Drone  
  52  18:32  Drone  
  54  18:59  Hatchery  
  53  19:39  Drone  
  53  19:40  Drone x7  
  53  19:43  Drone x2  
  53  19:44  Drone  
  63  20:05  Queen  
  65  20:28  Hatchery  
  52  21:02  Hydralisk x2  
  52  21:03  Hydralisk x3  
  60  21:46  Lurker x2  
  51  21:47  Lurker x3  
  49  22:43  Hatchery  
Tags
 
Add a new tag
Caveats
  • Supply blocks, unpowered buildings, or Contaminate may cause inaccurate times.
  • Supply counts are checked every 10 seconds.